cohdb
Replays
Latest Replays
All Replays
Popular Replays
Top Player Replays
Match Explorer
How It Works
Community
CoH3 Stats
Reddit
Sign in to upload your games and track your stats! →
Sign in with Steam
Match 38811206
Unlisted
Match 38811206
Overview
Messages
Build Orders
End
Construct Barracks
Engineer Squad
Riflemen Squad
Riflemen Squad
Riflemen Squad
Selects Special Operations Battlegroup
Selects M29 Weasel with M1 Pack Howitzer
Infantry Support Center
Construct Medical Station
M1918 Browning Automatic Rifles
M29 Weasel with M1 Pack Howitzer
Riflemen Squad
Construct Tank Depot
M4(105) Sherman Bulldozer
Selects P-47 Anti-Infantry Loiter
Selects Raiding Flares
M29 Weasel with M1 Pack Howitzer
Raiding Flares
XuZhongwei
Big Bang
0
0
Comments
sign in to comment!
No comments posted yet!